[Event "CZE-ch Open 2018"]
[Site "Ostrava"]
[Date "2018.05.02"]
[Round "5"]
[White "Kolar, Stanislav"]
[Black "Mladek, Richard"]
[Result "0-1"]
[ECO "E92"]
[WhiteElo "2091"]
[BlackElo "2136"]
[Annotator "NA RC"]
[PlyCount "112"]
[EventDate "2018.??.??"]
[EventCountry "CZE"]
[SourceTitle "playchess.com"]
[Source "ChessBase"]
[SourceQuality "1"]
[TimeControl "40/5400+30:900+30"]

1. c4 Nf6 2. Nf3 g6 3. Nc3 Bg7 4. d4 O-O 5. e4 d6 6. Be2 e5 7. dxe5 dxe5 8. Qxd8 Rxd8 9. Bg5 Re8 10. O-O-O Na6 11. h3 Nc5 {[%emt 0:07:11] E92: King's Indian: Classical: 6 Be2 e5: 7 dxe5, 7 Be3 and Petrosian System without 7...Nbd7} (11... c6 12. Be3 Bf8 13. Bd3 Nc5 14. Bc2 a5 15. Bg5 Bg7 16. Be3 Bf8 17. Bg5 Bg7 18. Be3 Bf8 19. Bg5 Kg7 20. Rd2 h6 21. Be3 Nh5 {½-½ (21) Corrales Jimenez,F (2507)-Hernandez Guerrero,G (2551) Aguascalientes 2007}) 12. Bd3 Ne6 $146 ({Predecessor:} 12... b6 13. Bc2 Bb7 14. Rhe1 Ne6 15. Be3 Nh5 16. g3 {½-½ (16) Buchaillot,L (2152)-Koo,O (2245) ICCF email 2015}) 13. Be3 c6 14. Rhe1 Nd7 15. Bf1 f5 16. exf5 gxf5 17. Ng5 Ndc5 18. Nxe6 Nxe6 19. g3 Nf8 20. Kc2 Be6 21. Rd6 Ng6 22. c5 Kh8 23. h4 f4 24. gxf4 exf4 25. Bd4 Bf5+ 26. Kd2 Rxe1 27. Kxe1 Re8+ 28. Kd2 Nxh4 29. Be2 Ng6 30. Bh5 Be5 31. Ne2 Kg7 32. Nxf4 Kh6 33. Bxe5 Rxe5 34. Be2 Rxc5 35. Bd3 Bxd3 36. Kxd3 Rf5 37. Nxg6 hxg6 38. Ke3 Re5+ 39. Kd4 Re2 40. Kc3 Rxf2 41. Rd7 g5 42. Rxb7 g4 43. Rxa7 g3 44. Ra8 Rf6 45. Rh8+ Kg5 46. Rh1 Kg4 47. b4 g2 48. Rg1 Kg3 49. Kc4 {[%emt 0:00:00] [#]} Rf1 $1 50. Rxg2+ Kxg2 51. a4 Kf3 52. Kc5 Rc1+ 53. Kb6 Ke4 54. a5 Kd5 55. a6 Ra1 56. a7 Kc4 $11 (56... Ra4 {mates} 57. b5 c5 58. Kb7 c4 59. a8=Q Rxa8 60. Kxa8 Kc5 61. Ka7 Kxb5 62. Kb7 c3 63. Kc7 c2 64. Kd6 Kc4 65. Ke6 c1=Q 66. Ke5 Qg5+ 67. Kd6 Qf6+ 68. Kc7 Kc5 69. Kd7 Qf7+ 70. Kd8 Kc6 71. Kc8 Qg8#) 0-1

[Event "CZE-ch Open 2018"]
[Site "Ostrava"]
[Date "2018.05.03"]
[Round "6"]
[White "Bures, Jaroslav"]
[Black "Mikes, Jan"]
[Result "0-1"]
[ECO "E97"]
[WhiteElo "2407"]
[BlackElo "2321"]
[Annotator "ChessBase"]
[PlyCount "68"]
[EventDate "2018.??.??"]
[EventCountry "CZE"]
[SourceTitle "playchess.com"]
[Source "ChessBase"]
[SourceQuality "1"]
[TimeControl "40/5400+30:900+30"]

1. d4 Nf6 2. c4 g6 3. Nc3 Bg7 4. e4 d6 5. Nf3 O-O 6. Be2 e5 7. O-O Nc6 8. d5 Ne7 9. b4 Ne8 10. c5 f5 11. Nd2 Nf6 12. a4 f4 13. Nc4 g5 14. Ba3 g4 15. cxd6 cxd6 16. b5 f3 17. gxf3 gxf3 18. Bxf3 Ne8 19. Kh1 Ng6 20. Ne3 Qh4 21. Ra2 Bh3 22. Bg2 Rc8 23. Bxh3 Qxh3 24. Nb1 Rf4 25. f3 Nf6 26. Ng2 Nh5 27. Nxf4 exf4 28. Kg1 Nh4 29. Rff2 Kf7 30. Rg2 Bd4+ 31. Kf1 Rg8 32. Qc2 Qxf3+ 33. Rf2 Rg1+ 34. Kxg1 Qg2# 0-1

[Event "CZE-ch Open 2018"]
[Site "Ostrava"]
[Date "2018.05.03"]
[Round "6"]
[White "Vokac, Marek"]
[Black "Nedela, Vlastimil"]
[Result "1/2-1/2"]
[ECO "D43"]
[WhiteElo "2390"]
[BlackElo "2307"]
[Annotator "NA"]
[PlyCount "40"]
[EventDate "2018.??.??"]
[EventCountry "CZE"]
[SourceTitle "playchess.com"]
[Source "ChessBase"]
[SourceQuality "1"]
[TimeControl "40/5400+30:900+30"]

1. d4 Nf6 2. c4 e6 3. Nf3 d5 4. Nc3 c6 5. Bg5 $11 Nbd7 6. Qc2 Be7 7. e3 O-O 8. O-O-O b6 9. Kb1 Bb7 10. h4 Rc8 11. cxd5 cxd5 12. Bd3 Ne4 13. Bxe4 dxe4 14. Nd2 Bxg5 15. hxg5 Qxg5 16. Ndxe4 Bxe4 17. Qxe4 Nf6 18. Qf3 Qg4 19. Qxg4 Nxg4 20. Rd2 f5 1/2-1/2

[Event "CZE-ch Open 2018"]
[Site "Ostrava"]
[Date "2018.05.03"]
[Round "6"]
[White "Jasny, Stanislav"]
[Black "Jurek, Josef"]
[Result "1-0"]
[ECO "C01"]
[WhiteElo "2379"]
[BlackElo "2264"]
[Annotator "NA"]
[PlyCount "103"]
[EventDate "2018.??.??"]
[EventCountry "CZE"]
[SourceTitle "playchess.com"]
[Source "ChessBase"]
[SourceQuality "1"]
[TimeControl "40/5400+30:900+30"]

1. e4 e6 2. d4 d5 3. exd5 exd5 4. c4 Nf6 5. Nc3 Be7 6. Nf3 O-O 7. cxd5 Nxd5 8. Bd3 Be6 {[%emt 0:05:31] C01: French: Exchange Variation} 9. O-O Nd7 10. Re1 c6 11. a3 Re8 12. h3 (12. Qc2 Nf8 13. Ne4 Bf5 14. Bg5 Ne6 15. Bxe7 Rxe7 16. Nc5 Bxd3 17. Qxd3 {0-1 (57) Fiebig,T (2424)-Naiditsch,A (2684) Germany 2016}) 12... Nf8 13. Ne4 Qc7 $146 ({Predecessor:} 13... Ng6 14. Neg5 Bxg5 15. Nxg5 {1-0 (31) Okhotnik,V (2446)-Krivoshey,S (2449) Graz 2001}) 14. Neg5 Bd6 15. Nxe6 Rxe6 16. Rxe6 Nxe6 17. Ng5 Nxg5 18. Bxg5 Re8 19. Qg4 g6 20. Bc4 Bf8 21. Bxd5 cxd5 22. Rc1 Qd6 23. Bf4 Qe6 24. Qxe6 fxe6 25. Rc7 Re7 26. Rc8 Kg7 27. Be5+ Kg8 28. Bd6 Rf7 29. Re8 b6 30. g3 Kg7 31. Bxf8+ Rxf8 32. Rxe6 Rc8 33. Rd6 Rc2 34. Rxd5 Rxb2 35. Rd7+ Kf6 36. Rxa7 ({Much less strong is} 36. Rxh7 a5) 36... h5 37. h4 Rb3 38. Kg2 Kf5 39. Rf7+ Ke4 40. Rf4+ Kd5 41. a4 Rb4 42. Rf6 Kxd4 43. Rxg6 Kc3 44. Rh6 Kb3 45. Rxh5 Kxa4 46. Rh8 Rc4 47. Ra8+ Kb3 48. Rb8 Rc6 49. h5 Kc4 50. g4 b5 $18 51. g5 Rc5 52. f4 1-0

[Event "CZE-ch Open 2018"]
[Site "Ostrava"]
[Date "2018.05.03"]
[Round "6"]
[White "Simek, Petr"]
[Black "Tuma, Jiri"]
[Result "1/2-1/2"]
[ECO "E62"]
[WhiteElo "2378"]
[BlackElo "2296"]
[Annotator "NA"]
[PlyCount "20"]
[EventDate "2018.??.??"]
[EventCountry "CZE"]
[SourceTitle "playchess.com"]
[Source "ChessBase"]
[SourceQuality "1"]
[TimeControl "40/5400+30:900+30"]

1. d4 Nf6 2. c4 g6 3. g3 Bg7 4. Bg2 O-O 5. Nc3 d6 6. Nf3 c6 7. O-O Qa5 8. e4 Nbd7 9. h3 e5 10. Re1 exd4 1/2-1/2

[Event "CZE-ch Open 2018"]
[Site "Ostrava"]
[Date "2018.05.03"]
[Round "6"]
[White "Rubes, Jan"]
[Black "Riha, Vojtech"]
[Result "0-1"]
[ECO "A04"]
[WhiteElo "2337"]
[BlackElo "2141"]
[Annotator "NA"]
[PlyCount "76"]
[EventDate "2018.??.??"]
[EventCountry "CZE"]
[SourceTitle "playchess.com"]
[Source "ChessBase"]
[SourceQuality "1"]
[TimeControl "40/5400+30:900+30"]

1. Nf3 b6 2. g3 Bb7 3. Bg2 Nf6 4. c4 e5 5. Nc3 d6 {[%emt 0:05:18] A15: English Opening: 1...Nf6} (5... Bb4 6. Qc2 O-O 7. O-O Re8 8. d3 Bxc3 9. Qxc3 d5 10. cxd5 Nxd5 11. Qc2 Nc6 12. a3 a5 13. e3 {½-½ (42) Karpov,A (2674)-Kortschnoj,V (2617) Mainz 2005}) 6. O-O Be7 7. d4 Nbd7 8. Re1 Rb8 $146 ({Predecessor:} 8... Qb8 9. e4 O-O 10. b3 a6 11. Nd5 Nxd5 12. cxd5 Rd8 13. Ba3 Bf6 14. Rc1 Ra7 15. Rc2 {1-0 (46) Stojanovic,M (2557)-Abramovic,B (2491) Vrnjacka Banja 2010}) 9. e4 O-O 10. b3 Re8 11. Bb2 Bf8 12. Qc2 c6 13. Rad1 Qc7 14. d5 a6 15. Nh4 Rbc8 16. Qe2 g6 17. Bh3 Rcd8 18. Ng2 Bg7 19. dxc6 Bxc6 20. Nd5 Qb7 21. f3 b5 22. Nge3 bxc4 23. Bxd7 Rxd7 24. Qxc4 Rc8 25. Qe2 Nxd5 26. Nxd5 f5 27. Ba3 Bb5 28. Qf2 Rf7 29. exf5 gxf5 30. Bxd6 e4 31. fxe4 fxe4 32. Qb6 Qxb6+ 33. Nxb6 Rc2 34. Bf4 Bd3 35. Nd5 Bd4+ ({Much worse is} 35... Rxa2 36. Nb4 $16) 36. Kh1 Bf2 37. Nb4 Be2 38. Nxc2 (38. Rd8+ $11 Rf8 39. Rxf8+ Kxf8 40. Kg2 (40. Bh6+ Kf7 $11) 40... Bf3+ 41. Kf1) 38... Bf3# 0-1

[Event "CZE-ch Open 2018"]
[Site "Ostrava"]
[Date "2018.05.03"]
[Round "6"]
[White "Obsivac, Josef"]
[Black "Stepan, Patrik"]
[Result "1/2-1/2"]
[ECO "E15"]
[WhiteElo "2330"]
[BlackElo "2207"]
[Annotator "ChessBase"]
[PlyCount "98"]
[EventDate "2018.??.??"]
[EventCountry "CZE"]
[SourceTitle "playchess.com"]
[Source "ChessBase"]
[SourceQuality "1"]
[TimeControl "40/5400+30:900+30"]

1. d4 Nf6 2. c4 e6 3. Nf3 b6 4. g3 Ba6 5. Qc2 Bb7 6. Bg2 c5 7. d5 exd5 8. O-O Nc6 9. cxd5 Nb4 10. Qd1 Bxd5 11. Nc3 Bb7 12. e4 d6 13. Nh4 Nc6 14. Re1 Be7 15. Nf5 O-O 16. Bg5 Ne8 17. Nxe7+ Nxe7 18. e5 d5 19. Bxd5 Rb8 20. Bg2 Qxd1 21. Raxd1 Ng6 22. Rd7 Bxg2 23. Kxg2 f6 24. exf6 gxf6 25. Bh6 Rf7 26. Red1 Ne5 27. Rxf7 Kxf7 28. Bf4 Ke6 29. Bxe5 fxe5 30. Ne4 h6 31. Kf3 Rb7 32. Rd8 Rf7+ 33. Ke2 Nf6 34. Rd6+ Ke7 35. Rxf6 Rxf6 36. Nxf6 Kxf6 37. Ke3 Kf5 38. f3 c4 39. g4+ Ke6 40. f4 b5 41. a3 a5 42. fxe5 Kxe5 43. h4 b4 44. a4 c3 45. bxc3 bxc3 46. Kd3 Kf4 47. g5 hxg5 48. hxg5 Kxg5 49. Kxc3 Kf6 1/2-1/2

[Event "CZE-ch Open 2018"]
[Site "Ostrava"]
[Date "2018.05.03"]
[Round "6"]
[White "Mrazek, Lumir"]
[Black "Vlasak, Lukas"]
[Result "0-1"]
[ECO "C29"]
[WhiteElo "2327"]
[BlackElo "2381"]
[Annotator "ChessBase"]
[PlyCount "82"]
[EventDate "2018.??.??"]
[EventCountry "CZE"]
[SourceTitle "playchess.com"]
[Source "ChessBase"]
[SourceQuality "1"]
[TimeControl "40/5400+30:900+30"]

1. e4 e5 2. Nc3 Nf6 3. f4 d5 4. fxe5 Nxe4 5. Nf3 Be7 6. Qe2 Nxc3 7. dxc3 c5 8. c4 Nc6 9. cxd5 Qxd5 10. Qc4 Be6 11. Qxd5 Bxd5 12. Bf4 O-O-O 13. O-O-O h6 14. Rxd5 Rxd5 15. Bc4 Rdd8 16. Bxf7 Rhf8 17. e6 Rd5 18. c4 Rf5 19. Bg3 Nd8 20. Ne5 Nxf7 21. Nxf7 Rf6 22. Re1 Re8 23. Bd6 b6 24. g4 Bd8 25. Nxd8 Kxd8 26. e7+ Kd7 27. Be5 Re6 28. Rd1+ Kxe7 29. Bxg7 Rg8 30. Bc3 Rxg4 31. Rd2 Rxc4 32. Rg2 Rf4 33. Kc2 Kd6 34. Rg7 a5 35. Kb3 a4+ 36. Ka3 b5 37. Bd2 Rf3+ 38. b3 axb3 39. axb3 c4 40. Rg3 Rxg3 41. hxg3 h5 0-1

[Event "CZE-ch Open 2018"]
[Site "Ostrava"]
[Date "2018.05.03"]
[Round "6"]
[White "Malik, Jan"]
[Black "Benes, Miroslav"]
[Result "1-0"]
[ECO "C50"]
[WhiteElo "2284"]
[BlackElo "2004"]
[Annotator "ChessBase"]
[PlyCount "107"]
[EventDate "2018.??.??"]
[EventCountry "CZE"]
[SourceTitle "playchess.com"]
[Source "ChessBase"]
[SourceQuality "1"]
[TimeControl "40/5400+30:900+30"]

1. e4 e5 2. Nf3 Nc6 3. Bc4 Nf6 4. d3 Bc5 5. O-O d6 6. c3 a6 7. Bb3 Ba7 8. Re1 h6 9. Be3 Bxe3 10. Rxe3 O-O 11. Nbd2 Ne7 12. d4 Ng6 13. Nf1 Be6 14. Ng3 Re8 15. Ba4 Bd7 16. dxe5 Ng4 17. Re1 N4xe5 18. Bxd7 Qxd7 19. Nxe5 Nxe5 20. f4 Ng6 21. Rf1 Qc6 22. Qd2 f6 23. b3 a5 24. Qd4 a4 25. b4 b5 26. Rad1 Kh8 27. Kh1 Re7 28. Qd3 Rae8 29. Qf3 Qc4 30. Qh5 Nf8 31. Rf3 Qxa2 32. Qxb5 Qb3 33. Ra1 Ra8 34. c4 Qc2 35. Rfa3 Ng6 36. R3a2 Qc3 37. Qf5 Nf8 38. Qd5 Ree8 39. Qf7 Ne6 40. Nh5 f5 41. Ra3 Qd4 42. Qxf5 Qxc4 43. Qg6 Qd4 44. h3 Nf8 45. Qf7 Rxe4 46. f5 Rae8 47. Rf1 R4e7 48. Qa2 Re2 49. Qb1 Rb2 50. Qc1 Qxb4 51. Rg3 Rbe2 52. Rxg7 Qd2 53. Qxc7 Qd4 54. Qf7 1-0

[Event "CZE-ch Open 2018"]
[Site "Ostrava"]
[Date "2018.05.03"]
[Round "6"]
[White "Svatos, Jan"]
[Black "Hausner, Ivan"]
[Result "1/2-1/2"]
[ECO "B02"]
[WhiteElo "2272"]
[BlackElo "2334"]
[Annotator "NA"]
[PlyCount "24"]
[EventDate "2018.??.??"]
[EventCountry "CZE"]
[SourceTitle "playchess.com"]
[Source "ChessBase"]
[SourceQuality "1"]
[TimeControl "40/5400+30:900+30"]

1. e4 Nf6 2. e5 Ng8 3. d4 d6 4. Nf3 dxe5 5. Nxe5 Nd7 6. Bd3 g6 7. O-O Bg7 8. Re1 Ngf6 9. Nd2 O-O 10. Ndf3 Nxe5 11. dxe5 Nd5 12. Bd2 c6 1/2-1/2

[Event "CZE-ch Open 2018"]
[Site "Ostrava"]
[Date "2018.05.03"]
[Round "6"]
[White "Freisler, Pavel"]
[Black "Konopka, Michal"]
[Result "0-1"]
[ECO "D25"]
[WhiteElo "2266"]
[BlackElo "2373"]
[Annotator "ChessBase"]
[PlyCount "109"]
[EventDate "2018.??.??"]
[EventCountry "CZE"]
[SourceTitle "playchess.com"]
[Source "ChessBase"]
[SourceQuality "1"]
[TimeControl "40/5400+30:900+30"]

1. Nf3 d5 2. d4 Nf6 3. c4 dxc4 4. e3 g6 5. Bxc4 Bg7 6. O-O O-O 7. b4 Ne8 8. Bb2 Nd6 9. Bb3 a5 10. bxa5 Nc6 11. Nbd2 Nxa5 12. e4 b6 13. e5 Nxb3 14. axb3 Rxa1 15. Bxa1 Nb5 16. h3 Be6 17. Qe2 Qd5 18. Nc4 Ra8 19. Rd1 Bh6 20. Bb2 Ra2 21. Ra1 Rxa1+ 22. Bxa1 Qa8 23. Qb2 Bxh3 24. Ne3 Be6 25. Nd2 Bg7 26. Qc1 h5 27. Bb2 Bh6 28. Qc2 Bd5 29. Qd3 Qc6 30. Ndc4 Be4 31. Qd2 e6 32. f3 Bd5 33. Qd3 Bf8 34. Bc1 Na7 35. Bd2 Nc8 36. Nc2 Qd7 37. Bg5 c5 38. dxc5 Bxc5+ 39. Kh2 Bc6 40. Qxd7 Bxd7 41. b4 Bf8 42. Be3 Ba4 43. N4a3 Be7 44. Bd4 Kf8 45. Kg3 Ke8 46. Kf4 Kd7 47. Ke4 Kc6 48. Bc3 Bxc2+ 49. Nxc2 Kb5 50. Kd3 Ka4 51. f4 b5 52. Bd2 Nb6 53. Nd4 Nd5 54. Nc6 Bxb4 55. Kd4 0-1

[Event "CZE-ch Open 2018"]
[Site "Ostrava"]
[Date "2018.05.03"]
[Round "6"]
[White "Belunek, Vladimir"]
[Black "Jelinek, Michal"]
[Result "1/2-1/2"]
[ECO "E45"]
[WhiteElo "2216"]
[BlackElo "2134"]
[Annotator "NA"]
[PlyCount "98"]
[EventDate "2018.??.??"]
[EventCountry "CZE"]
[SourceTitle "playchess.com"]
[Source "ChessBase"]
[SourceQuality "1"]
[TimeControl "40/5400+30:900+30"]

1. d4 Nf6 2. c4 e6 3. Nc3 Bb4 4. e3 b6 5. Nge2 Ba6 6. a3 Bxc3+ 7. Nxc3 d5 8. b3 O-O 9. Be2 dxc4 10. bxc4 Nc6 {[%emt 0:00:34] E45: Nimzo-Indian: Rubinstein: 4...b6 5 Ne2 Ba6} 11. Bf3 Na5 $146 ({Predecessor:} 11... Qd7 12. Qa4 Bb7 13. O-O Na5 14. Qxd7 Nxd7 15. Bxb7 Nxb7 16. Ne4 Na5 17. Nd2 Rfd8 18. Ra2 {0-1 (35) Galje,H (2139)-Van Oosterom,C (2386) Hoogeveen 2009}) 12. Bxa8 Qxa8 13. O-O Bxc4 14. Re1 Rd8 15. Qf3 Qxf3 16. gxf3 c5 17. dxc5 Nb3 18. Rb1 Nxc5 19. Bb2 Nd3 20. Red1 Nd7 21. Ne4 f5 22. Nd6 Nxb2 23. Rxb2 Ne5 24. f4 Nf3+ 25. Kg2 Bd5 26. Rxd5 exd5 27. Nxf5 Ne1+ 28. Kf1 Nd3 29. Rd2 Nc5 30. Rxd5 Rxd5 31. Ne7+ Kf7 32. Nxd5 Ke6 33. Nc3 a5 34. Ke2 Kd6 35. e4 Ne6 36. f5 Nd4+ 37. Kd3 Nf3 38. h3 Kc5 39. Na4+ Kc6 40. Nc3 b5 41. Nd5 Kd6 42. f6 gxf6 43. Nxf6 h6 44. Ng4 h5 45. Nf6 h4 46. Nd5 Ng5 47. Nf4 b4 48. axb4 axb4 49. Kd4 Nf3+ $11 1/2-1/2

[Event "CZE-ch Open 2018"]
[Site "Ostrava"]
[Date "2018.05.03"]
[Round "6"]
[White "Gnida, Patrik"]
[Black "Jedlicka, Ales"]
[Result "1-0"]
[ECO "A34"]
[WhiteElo "2165"]
[BlackElo "2238"]
[Annotator "NA"]
[PlyCount "99"]
[EventDate "2018.??.??"]
[EventCountry "CZE"]
[SourceTitle "playchess.com"]
[Source "ChessBase"]
[SourceQuality "1"]
[TimeControl "40/5400+30:900+30"]

1. c4 c5 2. Nc3 g6 3. Nf3 Bg7 4. g3 Nc6 {[%emt 0:00:17] A34: Symmetrical English: 2 Nc3, lines with ...d5} 5. d3 (5. Bg2 e5 6. d3 Nge7 7. Nd2 d6 8. Nf1 a6 9. Bg5 Rb8 10. a4 Be6 11. Bxe7 Nxe7 12. Ne3 h5 13. h4 O-O 14. Ned5 Nc6 15. e3 a5 16. O-O Nb4 17. Qd2 Qd7 18. Nxb4 cxb4 19. Ne4 Kh8 20. Ng5 Rbe8 21. Nxe6 {½-½ (21) Adhiban,B (2655)-Wei,Y (2743) Wijk aan Zee 2018}) 5... e6 6. Be3 d6 $146 ({Predecessor:} 6... Nge7 7. Bxc5 d5 8. Ba3 Qa5 9. Qd2 O-O 10. cxd5 Bxc3 11. Qxc3 Qxd5 {1-0 (20) Finkenzeller,A (2270)-Brown,T (2230) London,Canada 1995}) 7. Qd2 Nd4 8. h4 Nxf3+ 9. exf3 Ne7 10. d4 cxd4 11. Bxd4 e5 12. Be3 Nf5 13. O-O-O Be6 14. g4 Nxe3 15. fxe3 Qb6 16. Kb1 O-O-O 17. e4 Kb8 18. h5 Qb4 19. Rh2 Rd7 20. Nb5 Qxd2 21. Rhxd2 gxh5 22. gxh5 Bh6 23. Rxd6 Rxd6 24. Rxd6 Rg8 25. Kc2 a6 26. Nc3 Rg1 27. Rd1 Rh1 28. Be2 Rxh5 29. Rd8+ Ka7 30. b3 Be3 31. f4 Rh2 32. f5 Bb6 33. Rd2 Bc8 34. Bd3 Rxd2+ 35. Kxd2 Ba5 36. a3 Bxc3+ 37. Kxc3 Kb6 38. b4 Kc6 39. Kd2 Kd6 40. Ke3 Ke7 41. Kf3 Kf6 42. Kg4 Bd7 43. b5 axb5 44. cxb5 b6 45. Bc4 Be8 46. a4 Ke7 47. Kg5 Kd6 48. Kh6 Kc5 49. Bd5 Kb4 50. Bc6 1-0

[Event "CZE-ch Open 2018"]
[Site "Ostrava"]
[Date "2018.05.03"]
[Round "6"]
[White "Sramek, Vojtech"]
[Black "Vystrcil, Martin"]
[Result "0-1"]
[ECO "E95"]
[WhiteElo "2145"]
[BlackElo "2146"]
[Annotator "NA"]
[PlyCount "82"]
[EventDate "2018.??.??"]
[EventCountry "CZE"]
[SourceTitle "playchess.com"]
[Source "ChessBase"]
[SourceQuality "1"]
[TimeControl "40/5400+30:900+30"]

1. Nf3 Nf6 2. c4 g6 3. Nc3 Bg7 4. d4 O-O 5. e4 d6 6. Be2 Nbd7 7. O-O e5 8. Re1 a5 9. Bf1 c6 10. Rb1 Qc7 11. dxe5 $146 {[%emt 0:12:30] E95: King's Indian: Classical: 7...Nbd7 8 Re1} ({Predecessor:} 11. a3 Ne8 12. Be3 f5 13. exf5 gxf5 14. dxe5 dxe5 15. Ng5 Nb6 16. Bc5 h6 17. Bxf8 Bxf8 18. c5 Bxc5 {1-0 (35) Jedynak,R (2341)-Adamowicz,K (2134) Krakow 2017}) 11... dxe5 12. a3 Nc5 13. b4 Rd8 14. Qc2 axb4 15. axb4 Ne6 16. c5 Nd4 17. Nxd4 exd4 18. Nd1 Ng4 19. f4 Be6 20. Bd3 Ne3 21. Qf2 Ra2 22. Rb2 Ra3 23. Rd2 Rb3 24. e5 Ng4 25. Qf3 Rxb4 26. h3 Nh6 27. Nf2 Nf5 28. Ne4 Bd5 29. g4 Ne3 30. Rb2 Rxb2 31. Bxb2 Qa5 32. Re2 Qb4 33. Bxd4 Bxe4 34. Bxe4 Rxd4 35. Qxe3 Qc4 36. Kg2 Bf8 37. Bf3 Bxc5 38. e6 fxe6 39. Qe5 Rxf4 40. Qb8+ Rf8 $19 41. Qxb7 Qc1 0-1

[Event "CZE-ch Open 2018"]
[Site "Ostrava"]
[Date "2018.05.03"]
[Round "6"]
[White "Mladek, Richard"]
[Black "Lechtynsky, Jiri"]
[Result "1/2-1/2"]
[ECO "C34"]
[WhiteElo "2136"]
[BlackElo "2349"]
[Annotator "ChessBase"]
[PlyCount "117"]
[EventDate "2018.??.??"]
[EventCountry "CZE"]
[SourceTitle "playchess.com"]
[Source "ChessBase"]
[SourceQuality "1"]
[TimeControl "40/5400+30:900+30"]

1. e4 e5 2. f4 exf4 3. Nf3 d6 4. Bc4 h6 5. O-O g5 6. d4 Nc6 7. c3 Bg7 8. Qb3 Qd7 9. Bd3 a6 10. Nbd2 Nge7 11. a4 Ng6 12. Qc2 Rg8 13. Nc4 Bh8 14. Kh1 Qe7 15. b4 g4 16. Ng1 f3 17. gxf3 gxf3 18. Nxf3 Nh4 19. Nxh4 Qxh4 20. Be3 Bh3 21. Rf4 Qe7 22. Bf1 Bd7 23. Qf2 Nd8 24. Bg2 Ne6 25. Rf3 Ng5 26. Bxg5 hxg5 27. Ne3 g4 28. Rf4 g3 29. hxg3 Qg5 30. Rf1 Qxg3 31. Rxf7 Qxf2 32. R1xf2 O-O-O 33. Nd5 Kb8 34. Re7 Rg7 35. Rxg7 Bxg7 36. Rf7 Bh8 37. Rh7 Bxa4 38. Nxc7 Bb3 39. Bh3 Bf6 40. Nd5 Bxd5 41. exd5 Rh8 42. Rxh8+ Bxh8 43. Kg2 Kc7 44. Kf3 Bg7 45. Ke4 b5 46. Kf5 Bh6 47. Ke4 Bd2 48. Kd3 Be1 49. Kc2 Kb6 50. Bf1 Bf2 51. Kb3 Be3 52. c4 Bxd4 53. cxb5 axb5 54. Bh3 Be5 55. Bd7 Bg3 56. Bc6 Be1 57. Bd7 Bh4 58. Bc6 Bf6 59. Bd7 1/2-1/2

[Event "CZE-ch Open 2018"]
[Site "Ostrava"]
[Date "2018.05.03"]
[Round "6"]
[White "Bures, Martin"]
[Black "Skalsky, Alexandr"]
[Result "1/2-1/2"]
[ECO "A48"]
[WhiteElo "2100"]
[BlackElo "2207"]
[Annotator "NA"]
[PlyCount "40"]
[EventDate "2018.??.??"]
[EventCountry "CZE"]
[SourceTitle "playchess.com"]
[Source "ChessBase"]
[SourceQuality "1"]
[TimeControl "40/5400+30:900+30"]

1. d4 Nf6 2. Nf3 g6 3. c3 Bg7 4. Bg5 O-O 5. Nbd2 d5 6. e3 b6 7. Bd3 Bb7 8. O-O Nbd7 9. Re1 Ne4 10. Bh4 Qe8 11. Qc2 Nxd2 12. Qxd2 f5 13. Bg3 e5 14. Nxe5 Nxe5 15. Bxe5 Bxe5 16. dxe5 Qxe5 17. g3 Rad8 18. Bf1 Rf6 19. Bg2 Qe8 20. Rad1 Rfd6 1/2-1/2

[Event "CZE-ch Open 2018"]
[Site "Ostrava"]
[Date "2018.05.03"]
[Round "6"]
[White "Kopriva, Martin"]
[Black "Bartos, Jan"]
[Result "1/2-1/2"]
[ECO "C02"]
[WhiteElo "2071"]
[BlackElo "2198"]
[Annotator "NA"]
[PlyCount "56"]
[EventDate "2018.??.??"]
[EventCountry "CZE"]
[SourceTitle "playchess.com"]
[Source "ChessBase"]
[SourceQuality "1"]
[TimeControl "40/5400+30:900+30"]

1. e4 e6 2. d4 d5 3. e5 c5 4. c3 Nc6 5. Nf3 Bd7 6. a3 Nge7 7. Be2 cxd4 8. cxd4 Nf5 9. g4 Nh4 10. Nxh4 Qxh4 11. Be3 Qd8 12. Nc3 Rc8 13. O-O Na5 14. f4 Be7 15. f5 Bg5 16. Bxg5 Qxg5 17. Nb5 Bxb5 18. Bxb5+ Nc6 19. fxe6 Qe3+ 20. Kh1 fxe6 21. Qf3 Qxf3+ 22. Rxf3 Rf8 23. Raf1 Rxf3 24. Rxf3 Ke7 25. Rc3 Kd7 26. Kg1 a6 27. Bxc6+ Rxc6 28. Kf2 Rxc3 1/2-1/2

[Event "CZE-ch Open 2018"]
[Site "Ostrava"]
[Date "2018.05.03"]
[Round "6"]
[White "Havelka, Ondrej"]
[Black "Vybiral, Zdenek"]
[Result "1/2-1/2"]
[ECO "A80"]
[WhiteElo "2041"]
[BlackElo "2261"]
[Annotator "ChessBase"]
[PlyCount "122"]
[EventDate "2018.??.??"]
[EventCountry "CZE"]
[SourceTitle "playchess.com"]
[Source "ChessBase"]
[SourceQuality "1"]
[TimeControl "40/5400+30:900+30"]

1. d4 f5 2. Nc3 d5 3. Bf4 e6 4. e3 Nf6 5. Nb5 Na6 6. c4 c6 7. Nc3 Nc7 8. Nf3 Be7 9. Be2 O-O 10. O-O Nce8 11. Ne5 Nd6 12. c5 Nf7 13. h4 Nxe5 14. Bxe5 Nd7 15. Bf4 Bxh4 16. b4 Bf6 17. b5 Nxc5 18. Rc1 Nd7 19. bxc6 bxc6 20. Na4 Nb6 21. Rxc6 Nxa4 22. Qxa4 Bd7 23. Bb5 Bxc6 24. Bxc6 Rc8 25. Bd7 Qb6 26. Bxc8 Rxc8 27. Qd7 Rd8 28. Qa4 Rc8 29. Qd7 Qc6 30. Qxa7 Ra8 31. Qc7 Qxc7 32. Bxc7 Rxa2 33. Rb1 Ra6 34. Rb7 Kf7 35. g3 h6 36. Kg2 g5 37. Kf3 Kg6 38. Kg2 h5 39. Kf3 f4 40. gxf4 g4+ 41. Kg2 h4 42. Be5 h3+ 43. Kg3 Ra1 44. f5+ Kg5 45. fxe6 Bxe5+ 46. dxe5 Kf5 47. e7 Ra8 48. Rd7 Re8 49. Rxd5 Rxe7 50. Rd8 Rh7 51. Kh2 Kxe5 52. Rf8 Rh5 53. Rf4 Rg5 54. Ra4 Rg8 55. Kg3 Rg7 56. Ra8 Rh7 57. Ra1 Kf5 58. Re1 Re7 59. Ra1 Rh7 60. Rb1 Rh8 61. Ra1 Ke5 1/2-1/2

[Event "CZE-ch Open 2018"]
[Site "Ostrava"]
[Date "2018.05.03"]
[Round "6"]
[White "Kana, Pavel"]
[Black "Toman, Jaroslav"]
[Result "0-1"]
[ECO "B22"]
[WhiteElo "2024"]
[BlackElo "2233"]
[Annotator "ChessBase"]
[PlyCount "142"]
[EventDate "2018.??.??"]
[EventCountry "CZE"]
[SourceTitle "playchess.com"]
[Source "ChessBase"]
[SourceQuality "1"]
[TimeControl "40/5400+30:900+30"]

1. e4 c5 2. c3 Nf6 3. e5 Nd5 4. d4 e6 5. Nf3 cxd4 6. cxd4 Nc6 7. Nc3 Nxc3 8. bxc3 d5 9. exd6 Bxd6 10. Bd3 h6 11. O-O O-O 12. Qe2 Bd7 13. Qe4 f5 14. Qe2 Qf6 15. Re1 Bc7 16. Rb1 Rab8 17. Ba3 Rfe8 18. Ne5 Nxe5 19. dxe5 Qh4 20. Rb4 Qg5 21. Bc1 Qe7 22. Ba3 Qg5 23. Bc1 Qg6 24. h3 Bc6 25. Rg4 Qf7 26. Rg3 Kh8 27. Bc2 Rbd8 28. f4 Ba5 29. Ba3 Bd5 30. Ba4 Rg8 31. Bd6 Rc8 32. Rc1 Bc4 33. Qd2 b5 34. Bb3 Qb7 35. Kh2 Bb6 36. Bd1 a6 37. Bf3 Qa7 38. Rc2 Be3 39. Qe1 Bxf4 40. Kh1 Bxg3 41. Qxg3 Qe3 42. Qf2 Qxf2 43. Rxf2 Bd3 44. Bb4 Be4 45. Bh5 g6 46. Bd1 Rgd8 47. Bb3 Bd5 48. Ba5 Rd7 49. Rd2 Kg7 50. Kg1 Kf7 51. Bd1 Ke8 52. a3 Be4 53. Rd6 Rxd6 54. exd6 Kd7 55. Bc7 Rxc7 56. dxc7 Kxc7 57. g3 e5 58. Bb3 Kd6 59. Kf2 f4 60. a4 bxa4 61. Bxa4 Kc5 62. Bb3 g5 63. Ba2 a5 64. h4 a4 65. hxg5 hxg5 66. gxf4 exf4 67. Ke2 g4 68. Be6 g3 69. Kf1 f3 70. Bf7 Bd3+ 71. Kg1 f2+ 0-1